 Dungeon Crawl Stone Soup version 0.30-a0-368-g86fb4627a9 (webtiles) character file.

Game seed: 3906785643874981177

1591 qeuew the Covert (level 8, -9/36 HPs)
             Began as a Spriggan Enchanter on Nov 18, 2022.
             Was an Initiate of Gozag.
             Mangled by Duvessa
             ... wielding a +2 vampiric rapier
              (17 damage)
             ... on level 7 of the Dungeon.
             The game lasted 00:06:56 (5994 turns).

qeuew the Covert (Spriggan Enchanter)               Turns: 5994, Time: 00:06:57

Health: -9/36      AC:  2    Str:  4    XL:     8   Next: 61%
Magic:  15/17      EV: 20    Int: 17    God:    Gozag
Gold:   925        SH:  0    Dex: 17    Spells: 7/18 levels left

rFire   . . .      SeeInvis +    d - +9 rapier "Ejiavite" {vamp, rCorr}
rCold   . . .      Faith    .    (no shield)
rNeg    + . .      Spirit   .    b - +0 robe
rPois   .          Reflect  .    (helmet restricted)
rElec   .          Harm     .    (no cloak)
rCorr   +          Rampage  .    (gloves unavailable)
Will    +....                    (boots unavailable)
Stlth   +++++.....               a - amulet of the acrobat
HPRegen 0.26/turn                e - ring of resist corrosion
MPRegen 0.15/turn                i - ring of positive energy

@: gold aura, very quick
A: very small, no large weapons, unfitting armour, see invisible, speed 3,
antennae 1, hooves 1, subdued magic 1
a: Renounce Religion, Potion Petition, Call Merchant, Bribe Branch


You were on level 7 of the Dungeon.
You worshipped Gozag.
Gozag was pleased with you.
You visited 1 branch of the dungeon, and saw 7 of its levels.

You collected 981 gold pieces.
You paid 56 gold pieces to Gozag.

Inventory:

Hand Weapons
 d - the +9 rapier "Ejiavite" (weapon) {vamp, rCorr}
   (You acquired it on level 4 of the Dungeon)

   It occasionally heals its wielder for a portion of the damage dealt when it
   wounds a living foe.
   rCorr:     It protects you from acid and corrosion.
Missiles
 l - 2 throwing nets
Armour
 b - a +0 robe (worn)
Jewellery
 a - an amulet of the acrobat (around neck)
 e - a ring of resist corrosion (left hand)
 i - a ring of positive energy (right hand)
Wands
 g - a wand of polymorph (6)
 k - a wand of acid (4)
Scrolls
 f - a scroll of enchant weapon
 h - 2 scrolls of teleportation
 o - 3 scrolls of identify
 q - 2 scrolls of magic mapping
Potions
 c - 3 potions of invisibility
 j - 2 potions of curing
 m - a potion of cancellation
 p - a potion of berserk rage
 r - a potion of heal wounds


   Skills:
 + Level 4.4 Short Blades
 + Level 6.1 Dodging
 * Level 10.3 Stealth
 + Level 5.7 Spellcasting
 + Level 6.2 Hexes
 + Level 4.3 Evocations


You had 7 spell levels left.
You knew the following spells:

 Your Spells              Type           Power      Damage    Failure   Level
a - Ensorcelled Hibernat  Hex/Ice        22%        N/A       4%          2
b - Confusing Touch       Hex            20%        N/A       2%          3
c - Tukima's Dance        Hex            20%        N/A       2%          3
d - Dazzling Flash        Conj/Hex       22%        N/A       9%          3

Your spell library contained the following spells:

 Spells                   Type           Power      Damage    Failure   Level
 Necrotise                Necr           12%        1d4       11%         1
 Passwall                 Tmut/Erth      2%         N/A       17%         2
 Swiftness                Air            3%         N/A       32%         3
 Vampiric Draining        Necr           3%         2d6       32%         3
 Agony                    Necr           3%         N/A       98%         5


Dungeon Overview and Level Annotations

Branches:
Dungeon (7/15)             Temple (0/1) D:6

Altars:
Elyvilon
Gozag
Nemelex Xobeh
Okawaru
Trog
Uskayaw
Wu Jian
Zin

Shops:
D:6 (

Annotations:
D:7 Duvessa


Innate Abilities, Weirdness & Mutations

You are very small and have problems with some larger weapons.
You are too small for most types of armour.
You have supernaturally acute eyesight. (SInv)
You cover ground extremely quickly. (Speed+++)
You have a pair of small antennae on your head.
You have large cloven feet.
Your spells are a little easier to cast, but a little less powerful.


Message History

You hit Dowan. Your kick misses Dowan.
Dowan is severely wounded.
Dowan hits you with a +0 dagger.
You puncture Dowan!
You kill Dowan!
Duvessa screams in rage.
Duvessa goes berserk!
Duvessa barely misses you.
A steam dragon comes into view.
A bullfrog comes into view.
Duvessa barely misses you.
You completely miss Duvessa.
The steam dragon hisses angrily.
You kick Duvessa, but do no damage. Duvessa barely misses you.
You hit Duvessa but do no damage. You kick Duvessa, but do no damage.
Duvessa barely misses you.
Duvessa is distracted by your dazzling golden aura.
You completely miss Duvessa.
Duvessa is no longer distracted by gold.
Duvessa shouts!
Duvessa hits you with a +2 vampiric rapier!
You are too injured to fight recklessly!
You are too injured to fight recklessly!
You are too injured to fight recklessly!
You are too injured to fight recklessly!
You are too injured to fight recklessly!
You are too injured to fight recklessly!
You are too injured to fight recklessly!
You are too injured to fight recklessly!
You are too injured to fight recklessly!
You are too injured to fight recklessly!
You are too injured to fight recklessly!
Unknown command.
You are too injured to fight recklessly!
Aiming: Ensorcelled Hibernation (safe; 4% risk of failure)
Press: ? - help, Q - select action, (/) - cycle Shift-Dir - straight line Duvessa is unaffected.
Duvessa hits you with a +2 vampiric rapier!
* * * LOW HITPOINT WARNING * * *
Duvessa hits you with a +2 vampiric rapier!
You die...
Your body crumbles into a pile of gold.

#...##.## #........
#############.....#
###.........#.#.....#
..'................##
#.........#.##...#
#.........#.##...#####
#.........#..'.....[..
#.##.....####.##@F......
....(....# #.##$e......
.........# #.##........
.........# #.##...D....
####....## #........
#....# #........ #
#....# ######### ##
###+## .#


You could see Duvessa (berserk), a steam dragon and a bullfrog.

Vanquished Creatures
  A black bear (D:6)
  A sky beast (D:6)
  3 ogres
  2 phantoms
  4 bullfrogs
  2 scorpions
  Dowan (D:7)
  A howler monkey (D:6)
  4 hounds
  A jelly (D:3)
  3 orc priests
  An iguana (D:6)
  10 gnolls
  7 adders
  2 white imps (D:5)
  2 worms
  5 dart slugs
  15 orcs
  2 bat zombies (D:2)
  4 endoplasms
  4 giant cockroaches
  4 goblins
  9 hobgoblins
  A jackal (D:3)
  8 ball pythons
  8 bats
  3 frilled lizards
  A giant cockroach zombie (D:2)
  8 kobolds
  2 rats (D:2)
119 creatures vanquished.

Vanquished Creatures (others)
  2 withered plants (D:2)
2 creatures vanquished.

Grand Total: 121 creatures vanquished

Notes
Turn   | Place    | Note
-------+----------+-------------------------------------------
     0 | D:1      | qeuew the Spriggan Enchanter began the quest for the Orb.
     0 | D:1      | Reached XP level 1. HP: 9/9 MP: 5/5
   118 | D:1      | Reached XP level 2. HP: 13/13 MP: 6/6
   327 | D:1      | Learned a level 2 spell: Ensorcelled Hibernation
   495 | D:1      | Reached skill level 5 in Stealth
   774 | D:2      | Reached XP level 3. HP: 16/16 MP: 5/8
  1123 | D:2      | You fall into a shaft and drop 1 floor!
  1129 | D:3      | Found an opulent altar of Gozag.
  1209 | D:3      | Reached XP level 4. HP: 4/21 MP: 6/9
  1258 | D:3      | Became a worshipper of Gozag Ym Sagoz the Greedy
  1373 | D:3      | Reached skill level 6 in Stealth
  1505 | D:2      | Reached XP level 5. HP: 24/24 MP: 11/11
  1767 | D:3      | Found a faded altar of an unknown god.
  3002 | D:2      | HP: 1/24 [gnoll/+0 spear (5)]
  3374 | D:3      | Identified a scroll of acquirement
  3379 | D:4      | Acquired the +9 rapier "Ejiavite" {vamp, rCorr}
  3492 | D:4      | Reached skill level 7 in Stealth
  3492 | D:4      | Reached XP level 6. HP: 28/28 MP: 12/12
  3612 | D:4      | Learned a level 3 spell: Confusing Touch
  3616 | D:4      | Learned a level 3 spell: Tukima's Dance
  3620 | D:4      | Learned a level 3 spell: Dazzling Flash
  3811 | D:4      | Reached skill level 1 in Evocations
  4033 | D:4      | Found a white marble altar of Elyvilon.
  4053 | D:4      | Gained mutation: You have large cloven feet. [potion of
                  | mutation]
  4053 | D:4      | Gained mutation: Your spells are a little easier to cast,
                  | but a little less powerful. [potion of mutation]
  4053 | D:4      | Gained mutation: You have a pair of small antennae on your
                  | head. [potion of mutation]
  4082 | D:5      | Entered Level 5 of the Dungeon
  4106 | D:5      | Reached skill level 5 in Hexes
  4106 | D:5      | Reached XP level 7. HP: 32/32 MP: 14/14
  4147 | D:5      | Found an ornate altar of the Wu Jian Council.
  4152 | D:5      | Reached skill level 8 in Stealth
  4184 | D:5      | Found a glowing silver altar of Zin.
  4652 | D:5      | Reached skill level 5 in Dodging
  4724 | D:5      | Found an iron altar of Okawaru.
  4724 | D:5      | Found a bloodstained altar of Trog.
  5022 | D:6      | Found Fenyggolie's Antique Weapon Boutique.
  5066 | D:6      | Reached skill level 9 in Stealth
  5099 | D:6      | Reached skill level 5 in Spellcasting
  5104 | D:6      | Reached XP level 8. HP: 27/36 MP: 16/16
  5232 | D:6      | Noticed a +0 dagger
  5232 | D:6      | Noticed a +0 dagger
  5233 | D:6      | Found a hide-covered altar of Uskayaw.
  5554 | D:6      | Found a staircase to the Ecumenical Temple.
  5689 | D:6      | Reached skill level 10 in Stealth
  5716 | D:6      | Identified the +0 leather armour of Liokes {Dex+4}
  5899 | D:7      | Found a sparkling altar of Nemelex Xobeh.
  5982 | D:7      | Noticed Dowan
  5984 | D:7      | Noticed Duvessa
  5990 | D:7      | Killed Dowan
  5994 | D:7      | Mangled by Duvessa

Illustrated notes

Levels and vault maps discovered:
D:1:      lemuel_arrival_lava_pool, layout_loops_ring
D:2:      layout_loops_ring, serial_undead, serial_undead_b, serial_undead_e,
          serial_undead_c, serial_undead_a, serial_undead_d,
          minmay_stone_trees_small
D:3:      minmay_inner_zag, layout_loops_corners, grunt_gozag_breadcrumbs,
          ebering_ecumenical_altar_mist, nicolae_titane
D:4:      layout_gridville, kennysheep_mini, feat_on_display
D:5:      layout_loops_ring, grunt_temple_overflow_bloody_war,
          mainiacjoe_overflow_small_starburst, amcnicky_altar_gilded,
          hangedman_decor_points
D:6:      layout_basic, dancing_weapons_uskayaw,
          minmay_temple_entry_proselytizer, serial_shops, nicolae_shop_stone,
          kennysheep_generic_room_10
D:7:      kennysheep_kobold_camp, layout_basic,
          nemelex_xobeh_ov_fountains_minmay, uniq_duvessa,
          uniq_crazy_yiuf_cottage

Skill      XL: |  1  2  3  4  5  6  7  8 |
---------------+-------------------------+-----
Dodging        | 3 4 5 6 |  6.1
Stealth        | 5 6 7 9 10 | 10.3
Spellcasting   | 3 4 5 |  5.7
Hexes          | 4 5 6 |  6.2
Short Blades   | 2 3 4 |  4.4
Evocations     | 1 3 4 |  4.3

Action                   |  1- 3 |  4- 6 |  7- 9 || total
-------------------------+-------+-------+-------++-------
Melee: Dagger            |    67 |    97 |       ||   164
       Rapier            |       |    33 |   100 ||   133
       Punch             |       |     1 |     1 ||     2
       Kick              |       |       |    30 ||    30
 Cast: Ensorcelled Hiber |     4 |    17 |     1 ||    22
  Use: Scroll            |     3 |     7 |     1 ||    11
       Potion            |     2 |     4 |       ||     6
 Stab: Sleeping          |    17 |    25 |     6 ||    48
       Distracted        |       |       |     1 ||     1
Armor: Robe              |    14 |    10 |     5 ||    29
Dodge: Dodged            |    55 |   112 |    68 ||   235

Table legend: (Time is in decaauts)
 A = Elapsed time spent in this place.
 B = Non-inter-level travel time spent in this place.
 C = Inter-level travel time spent in this place.
 D = Time resting spent in this place.
 E = Time spent auto-exploring this place.
 F = Levels seen in this place.
 G = Mean time per level.
                   A        B        C        D        E       F      G
               +--------+--------+--------+--------+--------+-----+--------+
         Total |   4167 |   3982 |    185 |     29 |   3176 |   7 |  595.3 |
       Dungeon |   4167 |   3982 |    185 |     29 |   3176 |   7 |  595.3 |
               +--------+--------+--------+--------+--------+-----+--------+

Top non-repeatable levels by time:
     D:3: 1252 daAuts
     D:2: 667 daAuts
     D:6: 606 daAuts
     D:5: 584 daAuts
     D:4: 479 daAuts
     D:1: 463 daAuts
     D:7: 114 daAuts
